SKY
SAN DIEGO PADRES @ CHICAGO CUBS
08/14/2052
 
TOP OF THE 1ST
San Diego Padres batting - Pitching for Chicago Cubs : RHP Roland Otano
Pitching: RHP Roland Otano
Batting: LHB Burl Shearer 0-0: Ball
1-0: Called Strike
1-1: SINGLE (Groundball, 4MD, EV 96.3 MPH)
Batting: RHB Silvio Sevilla 0-0: Sac Bunt to P - play at first, batter safe!
Burl Shearer to second
Batting: LHB Lester Flores 0-0: Called Strike
0-1: Ball
1-1: Ball
2-1: DOUBLE (Line Drive, 7LS, EV 110.6 MPH)
Burl Shearer scores
Silvio Sevilla to third
Batting: RHB Crow Trottier 0-0: Called Strike
0-1: Ball
1-1: Foul Ball, location: 23F
1-2: Fly out, F8 (Flyball, 78M, EV 84.4 MPH)
Runner from 3rd tags up, OUT at HOME! 8-2
Lester Flores to third
Batting: SHB Dexter Greer 0-0: Ball
1-0: Called Strike
1-1: Ball
2-1: Swinging Strike
2-2: Foul Ball, location: 25F
2-2: Ball
3-2: Strikes out swinging
Top of the 1st over - 1 run, 3 hits, 0 errors, 1 left on base; San Diego 1 - Chicago 0
BOTTOM OF THE 1ST
Chicago Cubs batting - Pitching for San Diego Padres : RHP Jake Laviolette
Pitching: RHP Jake Laviolette
Batting: RHB Meredith Moore 0-0: Ball
1-0: Fly out, F9 (Flyball, 9LD, EV 98.8 MPH)
Batting: LHB Ben Waters 0-0: Foul Ball, location: 7LDF
0-1: Fly out, F6 (Popup, 6S, EV 86.9 MPH)
Batting: LHB José Armijo 0-0: Ball
1-0: Foul Ball, location: 3FF
1-1: Fly out, F9 (Line Drive, 89M, EV 91.3 MPH)
Bottom of the 1st over - 0 runs, 0 hits, 0 errors, 0 left on base; San Diego 1 - Chicago 0
TOP OF THE 2ND
San Diego Padres batting - Pitching for Chicago Cubs : RHP Roland Otano
Batting: RHB Trinidad Apodaca 0-0: Called Strike
0-1: Ball
1-1: TRIPLE (Line Drive, 78XD, EV 108.8 MPH)
Batting: RHB Des Galindo 0-0: Foul Ball, location: 3F
0-1: Foul Ball, location: 2F
0-2: Ball
1-2: DOUBLE (Line Drive, 9LS, EV 96.3 MPH)
Trinidad Apodaca scores
Batting: RHB Rudy Hughes 0-0: Ball
1-0: Ball
2-0: Ball
3-0: Called Strike
3-1: Swinging Strike
3-2: Ground out 6-3 (Groundball, 6, EV 88.8 MPH)
Des Galindo to third
Batting: RHB Josiah Henderson 0-0: Called Strike
0-1: Ground out 6-3 (Groundball, 6, EV 81.3 MPH)
Des Galindo scores
Batting: LHB Burl Shearer 0-0: Ball
1-0: Ball
2-0: Ball
3-0: Called Strike
3-1: Called Strike
3-2: Foul Ball, location: 7LDF
3-2: Foul Ball, location: 2F
3-2: Base on Balls
Batting: RHB Silvio Sevilla 0-0: Foul Ball, location: 2F
0-1: Foul Ball, location: 5FF
0-2: Foul Ball, location: 2F
0-2: Foul Ball, location: 3DF
0-2: SINGLE (Groundball, 5S, EV 68.1 MPH) (infield hit)
Burl Shearer to second
Batting: LHB Lester Flores 0-0: Ball
1-0: Swinging Strike
1-1: Foul Ball, location: 7LDF
1-2: Strikes out swinging
Top of the 2nd over - 2 runs, 3 hits, 0 errors, 2 left on base; San Diego 3 - Chicago 0
BOTTOM OF THE 2ND
Chicago Cubs batting - Pitching for San Diego Padres : RHP Jake Laviolette
Batting: RHB Marv Schuyler 0-0: SINGLE (Line Drive, 78S, EV 86.3 MPH)
Batting: SHB Tony Jackson 0-0: Called Strike
0-1: Ball
1-1: SINGLE (Line Drive, 9LS, EV 91.9 MPH)
Marv Schuyler to second
Batting: RHB Abel Stewart 0-0: Ball
1-0: Ball
2-0: Foul Ball, location: 9LSF
2-1: DOUBLE (Flyball, 8RXD, EV 91.3 MPH)
Marv Schuyler scores
Tony Jackson to third
Batting: RHB Sebastian Reber 0-0: Ball
1-0: Foul Ball, location: 2F
1-1: Foul Ball, location: 5FF
1-2: Ball
2-2: Foul Ball, location: 9LSF
2-2: Foul Ball, location: 2F
2-2: Ball
3-2: Strikes out looking
Batting: RHB Pokey Baker 0-0: Fly out, F8 (Flyball, 8RM, EV 86.3 MPH)
Runner from 3rd tags up, SCORES, throw by CF
Batting: RHB Joseph Young 0-0: Called Strike
0-1: Foul Ball, location: 7LDF
0-2: Foul Ball, location: 7LSF
0-2: Strikes out swinging
Bottom of the 2nd over - 2 runs, 3 hits, 0 errors, 1 left on base; San Diego 3 - Chicago 2
TOP OF THE 3RD
San Diego Padres batting - Pitching for Chicago Cubs : RHP Roland Otano
Batting: RHB Crow Trottier 0-0: SOLO HOME RUN (Flyball, 9D, EV 106.3 MPH), Distance : 393 ft
Batting: SHB Dexter Greer 0-0: Called Strike
0-1: Ball
1-1: Called Strike
1-2: Foul Ball, location: 2F
1-2: DOUBLE (Groundball, 3L, EV 107.5 MPH)
Batting: RHB Trinidad Apodaca 0-0: Ball
1-0: Ball
2-0: Foul Ball, location: 2F
2-1: SINGLE (Line Drive, 7S, EV 85.6 MPH)
Dexter Greer to third
Batting: RHB Des Galindo 0-0: Called Strike
0-1: Foul Ball, location: 3F
0-2: Ball
1-2: Fielders Choice at 2nd, 1-6 (Groundball, 13S, EV 75.0 MPH)
Batting: RHB Rudy Hughes 0-0: Called Strike
0-1: Fly out, F6 (Flyball, 56D, EV 91.9 MPH)
Batting: RHB Josiah Henderson 0-0: Ball
1-0: Called Strike
1-1: Ball
Des Galindo steals 2nd base
2-1: Foul Ball, location: 2RF
2-2: Foul Ball, location: 9LSFF
2-2: SINGLE (Flyball, 8LS, EV 90.6 MPH)
Dexter Greer scores
Des Galindo to third
Runner from 3rd tries for Home, SAFE, throw by CF to home
Josiah Henderson to second
Pitching: RHP Andrew Christopher
Batting: LHB Burl Shearer 0-0: Called Strike
0-1: Swinging Strike
0-2: Ball
1-2: Hit by Pitch
Batting: RHB Silvio Sevilla 0-0: Ball
1-0: Foul Ball, location: 25F
1-1: Ball
2-1: Fly out, F4 (Line Drive, 4, EV 65.6 MPH)
Top of the 3rd over - 3 runs, 4 hits, 0 errors, 2 left on base; San Diego 6 - Chicago 2
BOTTOM OF THE 3RD
Chicago Cubs batting - Pitching for San Diego Padres : RHP Jake Laviolette
Batting: RHB Meredith Moore 0-0: Ground out 4-3 (Groundball, 4, EV 98.1 MPH)
Batting: LHB Ben Waters 0-0: Ball
1-0: Fly out, F9 (Flyball, 9LM, EV 90.6 MPH)
Batting: LHB José Armijo 0-0: Called Strike
0-1: Ball
1-1: Ball
2-1: Swinging Strike
2-2: Ball
3-2: Base on Balls
Batting: RHB Marv Schuyler 0-0: Called Strike
0-1: Fly out, F5 (Line Drive, 5L, EV 72.5 MPH)
Bottom of the 3rd over - 0 runs, 0 hits, 0 errors, 1 left on base; San Diego 6 - Chicago 2
TOP OF THE 4TH
San Diego Padres batting - Pitching for Chicago Cubs : RHP Andrew Christopher
Batting: LHB Lester Flores 0-0: Called Strike
0-1: SINGLE (Groundball, 5S, EV 69.4 MPH) (infield hit)
Batting: RHB Crow Trottier 0-0: Ball
1-0: Ball
2-0: Grounds into double play, 6-4-3 (Groundball, 56, EV 106.9 MPH)
Batting: SHB Dexter Greer 0-0: Called Strike
0-1: Foul Ball, location: 2F
0-2: Ball
1-2: Foul Ball, location: 2F
1-2: Ground out 4-3 (Groundball, 4M, EV 102.5 MPH)
Top of the 4th over - 0 runs, 1 hit, 0 errors, 0 left on base; San Diego 6 - Chicago 2
BOTTOM OF THE 4TH
Chicago Cubs batting - Pitching for San Diego Padres : RHP Jake Laviolette
Batting: SHB Tony Jackson 0-0: Ball
1-0: DOUBLE (Flyball, 78D, EV 107.5 MPH)
Batting: RHB Abel Stewart 0-0: Ball
1-0: Called Strike
1-1: Fly out, F3 (Popup, 3SF, EV 81.9 MPH)
Batting: RHB Sebastian Reber 0-0: Called Strike
0-1: Ball
1-1: Swinging Strike
1-2: Strikes out swinging
Batting: RHB Pokey Baker 0-0: Hit by Pitch
Batting: RHB Joseph Young 0-0: SINGLE (Line Drive, 9S, EV 109.4 MPH)
Tony Jackson to third
Pokey Baker to second
Batting: RHB Meredith Moore 0-0: Called Strike
0-1: Ball
1-1: Ball
2-1: Fly out, F9 (Line Drive, 89M, EV 92.5 MPH)
Bottom of the 4th over - 0 runs, 2 hits, 0 errors, 3 left on base; San Diego 6 - Chicago 2
TOP OF THE 5TH
San Diego Padres batting - Pitching for Chicago Cubs : RHP Andrew Christopher
Batting: RHB Trinidad Apodaca 0-0: Foul Ball, location: 2F
0-1: Called Strike
0-2: Ball
1-2: Strikes out swinging
Batting: RHB Des Galindo 0-0: Ball
1-0: Fly out, F7 (Flyball, 7, EV 100.0 MPH)
Batting: RHB Rudy Hughes 0-0: Ball
1-0: Called Strike
1-1: Foul Ball, location: 2F
1-2: Ball
2-2: Foul Ball, location: 2F
2-2: Ball
3-2: Base on Balls
Batting: RHB Josiah Henderson 0-0: Swinging Strike
0-1: Called Strike
0-2: Strikes out swinging
Top of the 5th over - 0 runs, 0 hits, 0 errors, 1 left on base; San Diego 6 - Chicago 2
BOTTOM OF THE 5TH
Chicago Cubs batting - Pitching for San Diego Padres : RHP Jake Laviolette
Batting: LHB Ben Waters 0-0: Foul Ball, location: 2F
0-1: Ground out U3 (Groundball, 34S, EV 78.1 MPH)
Batting: LHB José Armijo 0-0: Foul Ball, location: 2F
0-1: DOUBLE (Line Drive, 89D, EV 110.6 MPH)
Batting: RHB Marv Schuyler 0-0: Ball
1-0: Called Strike
1-1: Fly out, F8 (Flyball, 8RXD, EV 96.9 MPH)
Runner from 2nd tags up, SAFE at 3rd, no throw by CF
Batting: SHB Tony Jackson 0-0: Called Strike
0-1: Called Strike
0-2: Ball
1-2: Ball
2-2: Strikes out looking
Bottom of the 5th over - 0 runs, 1 hit, 0 errors, 1 left on base; San Diego 6 - Chicago 2
TOP OF THE 6TH
San Diego Padres batting - Pitching for Chicago Cubs : RHP Andrew Christopher
Batting: LHB Burl Shearer 0-0: Called Strike
0-1: Ball
1-1: SINGLE (Groundball, 56, EV 103.1 MPH) (infield hit)
Pitching: LHP Duncan O'Reilly
Batting: RHB Silvio Sevilla 0-0: Foul Ball, location: 5F
0-1: Ball
1-1: Fly out, F9 (Flyball, 9LM, EV 94.4 MPH)
Batting: LHB Lester Flores 0-0: Ball
Burl Shearer steals 2nd base
1-0: Foul Ball, location: 2F
1-1: Ball
2-1: Foul Ball, location: 23FF
2-2: Foul Ball, location: 2F
2-2: Strikes out looking
Batting: RHB Crow Trottier 0-0: Called Strike
0-1: Ball
1-1: Ball
2-1: Called Strike
2-2: Strikes out looking
Top of the 6th over - 0 runs, 1 hit, 0 errors, 1 left on base; San Diego 6 - Chicago 2
BOTTOM OF THE 6TH
Chicago Cubs batting - Pitching for San Diego Padres : RHP Jake Laviolette
Batting: RHB Abel Stewart 0-0: Called Strike
0-1: Foul Ball, location: 3DF
0-2: Strikes out swinging
Batting: RHB Sebastian Reber 0-0: Swinging Strike
0-1: Swinging Strike
0-2: Strikes out swinging
Batting: RHB Pokey Baker 0-0: Called Strike
0-1: SINGLE (Groundball, 34D, EV 108.1 MPH)
Batting: RHB Joseph Young 0-0: Ball
1-0: Swinging Strike
1-1: Ball
2-1: Foul Ball, location: 25F
2-2: Fly out, F4 (Line Drive, 4, EV 61.9 MPH)
Bottom of the 6th over - 0 runs, 1 hit, 0 errors, 1 left on base; San Diego 6 - Chicago 2
TOP OF THE 7TH
San Diego Padres batting - Pitching for Chicago Cubs : LHP Duncan O'Reilly
Batting: SHB Dexter Greer 0-0: Ball
1-0: Swinging Strike
1-1: Ball
2-1: SINGLE (Popup, 5S, EV 78.1 MPH)
Batting: RHB Trinidad Apodaca 0-0: Swinging Strike
0-1: Ball
1-1: Foul Ball, location: 2F
1-2: Foul Ball, location: 9LSF
1-2: Fielders Choice at 2nd, 6-4 (Groundball, 56, EV 88.8 MPH)
Batting: RHB Des Galindo 0-0: Ball
1-0: Ball
2-0: Called Strike
2-1: Called Strike
2-2: Fielders Choice at 2nd, 4-6 (Groundball, 34, EV 101.3 MPH)
Batting: RHB Rudy Hughes 0-0: Called Strike
Des Galindo steals 2nd base (no throw)
0-1: Called Strike
0-2: Strikes out looking
Top of the 7th over - 0 runs, 1 hit, 0 errors, 1 left on base; San Diego 6 - Chicago 2
BOTTOM OF THE 7TH
Chicago Cubs batting - Pitching for San Diego Padres : RHP Jake Laviolette
Batting: RHB Meredith Moore 0-0: Ball
1-0: TRIPLE (Line Drive, 9LD, EV 102.5 MPH)
Batting: LHB Ben Waters 0-0: Foul Ball, location: 7LDF
0-1: Ball
1-1: Foul Ball, location: 2F
1-2: Ball
2-2: 2-RUN HOME RUN (Line Drive, 78XD, EV 98.8 MPH), Distance : 392 ft
Batting: LHB José Armijo 0-0: Ball
1-0: Ball
2-0: Ground out 6-3 (Groundball, 6, EV 90.0 MPH)
Batting: RHB Marv Schuyler 0-0: Ball
1-0: Ball
2-0: Ball
3-0: Base on Balls
Batting: SHB Tony Jackson 0-0: Foul Ball, location: 9LDF
0-1: Ball
1-1: Ball
2-1: Called Strike
2-2: Foul Ball, location: 7LMF
2-2: Fielders Choice at 2nd, 3-6 (Groundball, 34S, EV 78.1 MPH)
Batting: RHB Abel Stewart 0-0: Called Strike
0-1: Foul Ball, location: 2F
0-2: Ball
1-2: Strikes out swinging
Bottom of the 7th over - 2 runs, 2 hits, 0 errors, 1 left on base; San Diego 6 - Chicago 4
TOP OF THE 8TH
San Diego Padres batting - Pitching for Chicago Cubs : LHP Duncan O'Reilly
Batting: RHB Josiah Henderson 0-0: Ball
1-0: Ball
2-0: Ball
3-0: Called Strike
3-1: Base on Balls
Batting: LHB Burl Shearer 0-0: Fly out, F9 (Flyball, 9D, EV 105.6 MPH)
Batting: RHB Silvio Sevilla 0-0: Foul Ball, location: 2RF
0-1: 2-RUN HOME RUN (Flyball, 7D, EV 96.3 MPH), Distance : 381 ft
Batting: LHB Lester Flores 0-0: Called Strike
0-1: Ball
1-1: Foul Ball, location: 7LSF
1-2: Ball
2-2: Strikes out swinging
Batting: RHB Crow Trottier 0-0: Foul Ball, location: 2F
0-1: Fly out, F7 (Flyball, 7S, EV 91.9 MPH)
Top of the 8th over - 2 runs, 1 hit, 0 errors, 0 left on base; San Diego 8 - Chicago 4
BOTTOM OF THE 8TH
Chicago Cubs batting - Pitching for San Diego Padres : RHP Jake Laviolette
Pitching: RHP Brandon Shure
Batting: RHB Sebastian Reber 0-0: Called Strike
0-1: Fly out, F4 (Line Drive, 4, EV 74.4 MPH)
Batting: RHB Pokey Baker 0-0: Ball
1-0: Called Strike
1-1: SINGLE (Line Drive, 6MD, EV 95.6 MPH)
Pinch Hitting: RHB John McGalliard 0-0: Foul Ball, location: 9LMF
0-1: Ball
1-1: Ball
2-1: Fly out, F8 (Flyball, 8RD, EV 88.1 MPH)
Batting: RHB Meredith Moore 0-0: Ball
1-0: Foul Ball, location: 2F
1-1: Hit by Pitch
Pokey Baker to second
Batting: LHB Ben Waters 0-0: Ball
1-0: Ball
2-0: Foul Ball, location: 2F
2-1: Ball
3-1: Base on Balls
Pokey Baker to third
Meredith Moore to second
Batting: LHB José Armijo 0-0: DOUBLE (Flyball, 89XD, EV 111.3 MPH)
Pokey Baker scores
Meredith Moore scores
Ben Waters to third
Runner from 3rd tries for Home, SAFE, throw by CF to trailing runner, SAFE at third!
Batting: RHB Marv Schuyler 0-0: Called Strike
0-1: Foul Ball, location: 9LSF
0-2: Ball
1-2: Foul Ball, location: 2F
1-2: Foul Ball, location: 2F
1-2: DOUBLE (Flyball, 7LD, EV 111.9 MPH)
José Armijo scores
Pitching: RHP Kolter Sarkesian
Batting: SHB Tony Jackson 0-0: Called Strike
0-1: Foul Ball, location: 2F
0-2: Ball
1-2: Ball
2-2: Foul Ball, location: 5DF
2-2: Ball
3-2: Foul Ball, location: 9LSF
3-2: Ground out 4-3 (Groundball, 4M, EV 80.0 MPH)
Bottom of the 8th over - 4 runs, 3 hits, 0 errors, 1 left on base; San Diego 8 - Chicago 8
TOP OF THE 9TH
San Diego Padres batting - Pitching for Chicago Cubs : LHP Duncan O'Reilly
Pitching: RHP Brayan Juratovac
Now at SS: Jonah Daley
Batting: SHB Dexter Greer 0-0: Called Strike
0-1: Ball
1-1: Ball
2-1: Called Strike
2-2: Strikes out swinging
Pinch Hitting: LHB Neil Smyth 0-0: Ball
1-0: Foul Ball, location: 3SF
1-1: Foul Ball, location: 5F
1-2: SINGLE (Groundball, 23, EV 77.5 MPH) (infield hit)
Batting: RHB Des Galindo 0-0: Swinging Strike
0-1: Swinging Strike
0-2: Strikes out swinging
Batting: RHB Rudy Hughes 0-0: Swinging Strike
0-1: Swinging Strike
0-2: Ball
1-2: Strikes out swinging
Top of the 9th over - 0 runs, 1 hit, 0 errors, 1 left on base; San Diego 8 - Chicago 8
BOTTOM OF THE 9TH
Chicago Cubs batting - Pitching for San Diego Padres : RHP Kolter Sarkesian
Now at 3B: Rudy Hughes
Now at SS: Carter Harding
Batting: RHB Abel Stewart 0-0: Called Strike
0-1: Ball
1-1: Ball
2-1: Fly out, F8 (Flyball, 8LD, EV 96.9 MPH)
Batting: RHB Sebastian Reber 0-0: Called Strike
0-1: Hit by Pitch
Batting: RHB Pokey Baker 0-0: Foul Ball, location: 2LF
0-1: Swinging Strike
0-2: Foul Ball, location: 2F
0-2: Foul Ball, location: 5FF
0-2: Strikes out swinging
Batting: RHB Jonah Daley 0-0: Foul Ball, location: 2F
0-1: Ball
1-1: Foul Ball, location: 9LSF
1-2: Foul Ball, location: 2F
1-2: Ball
2-2: SINGLE (Groundball, 6MD, EV 102.5 MPH)
Sebastian Reber to second
Runner from 2nd tries for 3rd, SAFE, no throw by CF
Batting: RHB Meredith Moore 0-0: Ground out 5-3 (Groundball, 56S, EV 97.5 MPH)
Bottom of the 9th over - 0 runs, 1 hit, 0 errors, 2 left on base; San Diego 8 - Chicago 8
TOP OF THE 10TH
San Diego Padres batting - Pitching for Chicago Cubs : RHP Brayan Juratovac
Pinch Hitting: RHB Donny Nuvolari 0-0: Ball
1-0: Foul Ball, location: 2F
1-1: Ball
2-1: Foul Ball, location: 2F
2-2: Ball
3-2: Ground out 4-3 (Groundball, 4MD, EV 95.0 MPH)
Batting: LHB Burl Shearer 0-0: Called Strike
0-1: DOUBLE (Line Drive, 8LXD, EV 110.6 MPH)
Pitching: RHP Kurt Copeland
Batting: RHB Silvio Sevilla 0-0: Ball
1-0: Ball
2-0: Foul Ball, location: 23F
2-1: DOUBLE (Line Drive, 89D, EV 100.0 MPH)
Burl Shearer scores
Batting: LHB Lester Flores 0-0: Intentional Walk
Batting: RHB Crow Trottier 0-0: Swinging Strike
0-1: Ball
1-1: Ball
2-1: DOUBLE (Line Drive, 78D, EV 103.1 MPH)
Silvio Sevilla scores
Lester Flores to third
Runner from 3rd tries for Home, SAFE, throw by CF to trailing runner, SAFE at third!
Batting: SHB Dexter Greer 0-0: Intentional Walk
Batting: RHB Carter Harding 0-0: Ball
1-0: Called Strike
1-1: Fly out, F8 (Flyball, 8RXD, EV 110.6 MPH)
Runner from 3rd tags up, SCORES, no throw by CF
Pitching: RHP A.K. Perozo
Batting: RHB Des Galindo 0-0: Foul Ball, location: 2F
0-1: Ball
1-1: SINGLE (Groundball, 6MD, EV 108.1 MPH)
Dexter Greer to second
Runner from 2nd tries for 3rd, SAFE, throw by CF made to third
Batting: RHB Rudy Hughes 0-0: Foul Ball, location: 2F
0-1: Ball
1-1: Foul Ball, location: 5F
1-2: Strikes out swinging
Top of the 10th over - 4 runs, 4 hits, 0 errors, 2 left on base; San Diego 12 - Chicago 8
BOTTOM OF THE 10TH
Chicago Cubs batting - Pitching for San Diego Padres : RHP Kolter Sarkesian
Now at C: Flávio Chacon
Batting: LHB Ben Waters 0-0: Ball
1-0: Foul Ball, location: 5SF
1-1: Swinging Strike
1-2: Ball
2-2: Ball
3-2: DOUBLE (Groundball, 3L, EV 104.4 MPH)
Batting: LHB José Armijo 0-0: Ball
1-0: Foul Ball, location: 7LSF
1-1: Fly out, F7 (Flyball, 78S, EV 86.3 MPH)
Batting: RHB Marv Schuyler 0-0: Called Strike
0-1: Hit by Pitch
Pitching: RHP Adam Pearson
Pinch Runner at 1st Lincoln Richards:
Batting: SHB Tony Jackson 0-0: Ball
1-0: Swinging Strike
1-1: Foul Ball, location: 3F
1-2: Ball
2-2: Foul Ball, location: 5SF
2-2: Foul Ball, location: 2F
2-2: Ball
3-2: Foul Ball, location: 2F
3-2: DOUBLE (Line Drive, 9LS, EV 106.9 MPH)
Ben Waters scores
Lincoln Richards to third
Batting: RHB Abel Stewart 0-0: Ball
1-0: Swinging Strike
1-1: Ball
2-1: Ball
3-1: Ground out 2-3 (Groundball, 15S, EV 73.1 MPH)
Batting: RHB Sebastian Reber 0-0: Ball
1-0: SINGLE (Groundball, 34D, EV 103.8 MPH)
Lincoln Richards scores
Tony Jackson to third
Batting: RHB Pokey Baker 0-0: Foul Ball, location: 5FF
0-1: Ball
1-1: Ball
2-1: SINGLE (Groundball, 56D, EV 96.9 MPH)
Tony Jackson scores
Sebastian Reber to second
Runner from 2nd tries for 3rd, SAFE, throw by LF made to third
Batting: RHB Jonah Daley 0-0: Called Strike
0-1: Fly out, F8 (Flyball, 8RD, EV 106.3 MPH)
Bottom of the 10th over - 3 runs, 4 hits, 0 errors, 2 left on base; San Diego 12 - Chicago 11
Friday, May 3rd , 2024 - OOTP Baseball 24.11 Build 85